 Dungeon Crawl Stone Soup version 0.25-a0-58-g9dd530fc12 (webtiles) character file.

Game seed: 6146947033022044344, levelgen mode: deterministic

4592 Gargoyl the Carver (level 10, -13/88 HPs)
             Began as a Black Draconian Abyssal Knight on Oct 26, 2019.
             Was a High Priest of Lugonu.
             Mangled by a two-headed ogre
             ... wielding a +0 giant spiked club
              (18 damage)
             ... on level 9 of the Dungeon.
             The game lasted 00:18:41 (7870 turns).

Gargoyl the Carver (Black Draconian Abyssal Knight) Turns: 7870, Time: 00:18:41

Health: -13/88     AC: 10    Str: 20    XL:     10   Next: 18%
Magic:  8/11       EV: 15    Int: 15    God:    Lugonu [*****.]
Gold:   433        SH:  0    Dex: 11    Spells: 9/9 levels left

rFire    . . .     SeeInvis .   n - +4 great sword (freeze)
rCold    . . .     Gourm    .   (shield currently unavailable)
rNeg     . . .     Faith    .   (armour unavailable)
rPois    +         Spirit   .   u - +1 hat
rElec    +         Reflect  .   s - scarf {cloud immunity}
rCorr    .         Harm     .   (no gloves)
MR       .....     Clarity  +   C - +0 pair of boots {Stlth+}
Stlth    +++.......             h - amulet of the acrobat
HPRegen  0.24/turn              t - +3 ring of strength
MPRegen  0.12/turn              (no ring)

@: short of breath
A: breathe lightning, unfitting armour, clarity, clever 1, poison resistance,
shaggy fur 1, electricity resistance, cold-blooded, AC +7
a: Breathe Lightning, Depart the Abyss, Bend Space, Banish, Corrupt, Enter the
Abyss, Renounce Religion


You were on level 9 of the Dungeon.
You worshipped Lugonu.
Lugonu was extremely pleased with you.
You were hungry.

You visited 1 branch of the dungeon, and saw 9 of its levels.
You visited the Abyss 1 time.
You also visited: Ossuary.

You collected 433 gold pieces.

Inventory:

Hand Weapons
 a - a +2 hand axe
 n - a +4 great sword of freezing (weapon)
 B - a +2 war axe
 E - the +0 spear of Insufficient Pleasure {holy, +Blink Dex+7}
   (You found it on level 7 of the Dungeon)

   It has been blessed by the Shining One to cause great damage to the undead
   and demons.
   It affects your dexterity (+7).
   It lets you blink.
Armour
 s - a scarf of cloud immunity (worn)
 u - a +1 hat (worn)
 C - a +0 pair of boots of stealth (worn)
Jewellery
 h - an amulet of the acrobat (around neck)
 t - a +3 ring of strength (left hand)
Wands
 d - a wand of polymorph (7)
 q - a wand of random effects (7)
 w - a wand of disintegration (14)
 A - a wand of flame (29)
Scrolls
 c - 2 scrolls of teleportation
 l - 6 scrolls of immolation
 o - 9 scrolls of remove curse
 x - a scroll of magic mapping
Potions
 e - 2 potions of might
 f - 4 potions of flight
 g - 6 potions of curing
 j - a potion of agility
 k - a potion of lignification
 m - a potion of heal wounds
 p - a potion of brilliance
 r - a potion of magic
 v - 3 potions of haste
 z - a potion of ambrosia {unknown}
Comestibles
 b - 16 rations


   Skills:
 + Level 7.6 Fighting
 + Level 9.6 Long Blades
 + Level 5.7 Axes
 + Level 6.5 Dodging
 + Level 3.1 Stealth
 + Level 2.4 Invocations


You had 9 spell levels left.
You didn't know any spells.
Your spell library was empty.

Dungeon Overview and Level Annotations

Branches:
Dungeon (9/15)             Temple (0/1) D:7         Ossuary (visited)
   Lair: D:8-11         Orc: D:9-12

Altars:
Dithmenos
Fedhas
Gozag
Hepliaklqana
Makhleb
Okawaru
Sif Muna
Trog
Yredelemnul

Shops:
D:4 [


Innate Abilities, Weirdness & Mutations

You can breathe wild blasts of lightning.
Your glossy black scales are hard. (AC +7)
You cannot fit into any form of body armour.
You are resistant to electric shocks. (rElec)
You are cold-blooded and may be slowed by cold attacks.
You possess an exceptional clarity of mind.
Your mind is acute. (Int +2)
Your system is resistant to poisons. (rPois)
You are covered in fur. (AC +1)


Message History

Your surroundings suddenly seem different.
An orc comes into view. It is wielding a +0 dagger.
The jelly quivers.
Press: ? - help, Shift-Dir - straight line, f - two-headed ogre
Aim: a two-headed ogre, wielding two +0 giant spiked clubs (chance to defeat MR: 67%)
You fail to use your ability.
The jelly hits you but does no damage. The two-headed ogre misses you.
You riposte.
The orc shouts!
You slash the two-headed ogre! You freeze the two-headed ogre.
The two-headed ogre is lightly wounded.
The two-headed ogre hits you with a +0 giant spiked club!
* * * LOW HITPOINT WARNING * * *
You hear a shout!
Press: ? - help, Shift-Dir - straight line, f/p - two-headed ogre
Aim: a two-headed ogre, wielding two +0 giant spiked clubs (lightly wounded, chance to defeat MR: 67%)
You fail to use your ability.
The jelly barely misses you.
The two-headed ogre hits you with a +0 giant spiked club!
* * * LOW HITPOINT WARNING * * *
The two-headed ogre hits you with a +0 giant spiked club!!
You die...

#......# #......+ #......+
#......## #.......#
#.......# #......
#.......#.# #...... ...
#.....J@#.# #......
....#......O#.# +......
....####....#.######+#......
.......#....#...............
.......##o###..§..Z.........
.............W........O.....
.............5.........§.)..
........##########.......)..
.......F# ......########)..


You could see a two-headed ogre, a jelly and an orc.

Vanquished Creatures
  Grinder (D:3)
  A hippogriff (D:7)
  Eustachio (D:6)
  2 hungry ghosts
  Edmund (D:4)
  A black bear (D:7)
  A sky beast (D:7)
  3 ice beasts
  An eye of draining (Abyss:1)
  3 ogres
  A phantom (D:4)
  3 centaurs
  A big kobold (D:8)
  3 bullfrogs (D:6)
  A gnoll sergeant (D:6)
  5 killer bees (D:8)
  7 wights
  3 howler monkeys
  6 crimson imps
  2 centaur zombies (Ossuary)
  3 hounds
  A bullfrog zombie (D:6)
  A jelly (D:8)
  2 human zombies (Ossuary)
  6 orc wizards
  A bullfrog skeleton (D:7)
  A centaur skeleton (D:6)
  2 iguanas
  3 worker ants
  A big kobold zombie (Ossuary)
  A hound skeleton (D:4)
  4 mummies (Ossuary)
  A worker ant zombie (D:6)
  12 adders
  18 gnolls
  4 shadow imps
  An ufetubus (Abyss:1)
  2 oozes
  An adder skeleton (D:8)
  3 worms
  8 dart slugs
  8 leopard geckos
  22 orcs
  5 giant cockroaches
  7 hobgoblins
  9 kobolds
  3 quokkas
  7 bats
  9 frilled lizards
  9 goblins
  2 hobgoblin zombies (Ossuary)
  A jackal zombie (D:5)
  A kobold zombie (Ossuary)
  4 quokka skeletons
  9 rats
  A bush (D:6)
220 creatures vanquished.

Vanquished Creatures (others)
  An ugly thing (D:9)
1 creature vanquished.

Grand Total: 221 creatures vanquished

Notes
Turn   | Place    | Note
-------+----------+-------------------------------------------
     0 | Abyss:1  | Gargoyl the Draconian Abyssal Knight began the quest for
                  | the Orb.
     0 | Abyss:1  | Reached XP level 1. HP: 19/19 MP: 2/2
    57 | Abyss:1  | Noticed an eye of draining
    78 | Abyss:1  | Killed an eye of draining
    78 | Abyss:1  | Reached XP level 2. HP: 27/28 MP: 0/3
    78 | Abyss:1  | Reached XP level 3. HP: 33/34 MP: 0/4
    78 | Abyss:1  | Reached XP level 4. HP: 40/41 MP: 0/5
   105 | Abyss:1  | Noticed an apocalypse crab
   122 | Abyss:1  | Noticed a raiju
   122 | Abyss:1  | Noticed a raiju
   122 | Abyss:1  | Noticed a raiju
   126 | Abyss:1  | Noticed a raiju
   127 | D:1      | Escaped the Abyss
   351 | D:1      | Reached * piety under Lugonu
   829 | D:2      | Reached XP level 5. HP: 41/47 MP: 6/6
  1333 | D:2      | Reached ** piety under Lugonu
  1368 | D:3      | Noticed Grinder
  1807 | D:3      | Reached skill level 5 in Fighting
  1972 | D:3      | Reached skill level 1 in Stealth
  1979 | D:3      | Paralysed by Grinder for 3 turns
  1985 | D:3      | Paralysed by Grinder for 3 turns
  1992 | D:3      | Reached XP level 6. HP: 49/56 MP: 7/7
  1992 | D:3      | Paralysed by Grinder for 3 turns
  1998 | D:3      | Killed Grinder
  1998 | D:3      | Reached skill level 5 in Axes
  1998 | D:3      | Your scales start taking on a glossy black colour.
  1998 | D:3      | Reached XP level 7. HP: 43/61 MP: 8/8
  1998 | D:3      | Gained mutation: You are resistant to electric shocks.
                  | (rElec) [Black Draconian growth]
  2472 | D:3      | Found a burning altar of Makhleb.
  2768 | D:4      | Found Etinar's Armour Shoppe.
  2828 | D:4      | Reached skill level 1 in Long Blades
  3281 | D:4      | Reached *** piety under Lugonu
  3599 | D:5      | Entered Level 5 of the Dungeon
  3599 | D:5      | Noticed Edmund
  3620 | D:4      | Killed Edmund
  3620 | D:4      | Reached skill level 2 in Long Blades
  3802 | D:5      | Reached skill level 3 in Long Blades
  3802 | D:5      | Reached XP level 8. HP: 53/70 MP: 9/9
  4283 | D:5      | Reached skill level 4 in Long Blades
  4403 | D:5      | Found a bloodstained altar of Trog.
  4434 | D:5      | You fall into a shaft and drop 1 floor!
  4435 | D:6      | Noticed Eustachio
  4471 | D:5      | Found an opulent altar of Gozag.
  4652 | D:5      | Gained mutation: Your system is resistant to poisons.
                  | (rPois) [potion of mutation]
  4652 | D:5      | Gained mutation: You possess an exceptional clarity of
                  | mind. [potion of mutation]
  4652 | D:5      | Gained mutation: You are covered in fur. (AC +1) [potion of
                  | mutation]
  4652 | D:5      | Gained mutation: Your mind is acute. (Int +2) [potion of
                  | mutation]
  4724 | D:5      | Reached skill level 5 in Long Blades
  4904 | D:6      | Reached skill level 5 in Dodging
  4919 | D:6      | Killed Eustachio
  4919 | D:6      | Reached skill level 6 in Long Blades
  5133 | D:6      | Reached XP level 9. HP: 73/78 MP: 10/10
  5164 | D:6      | Found a shadowy altar of Dithmenos.
  5169 | D:6      | Found a hazy altar of Hepliaklqana.
  5303 | D:6      | Found an iron altar of Okawaru.
  5568 | D:7      | Found a sand-covered staircase.
  5574 | Ossuary  | Entered an ossuary
  5593 | Ossuary  | Reached skill level 7 in Long Blades
  5602 | Ossuary  | Reached **** piety under Lugonu
  6061 | D:7      | Reached skill level 8 in Long Blades
  6186 | D:7      | Found a staircase to the Ecumenical Temple.
  6259 | D:7      | Found a blossoming altar of Fedhas.
  6343 | D:7      | Got a twisted spear
  6344 | D:7      | Identified the cursed +0 spear of Insufficient Pleasure
                  | {holy, +Blink Dex+7} (You found it on level 7 of the
                  | Dungeon)
  6440 | D:7      | Found a basalt altar of Yredelemnul.
  6508 | D:8      | Identified a scroll of acquirement
  6682 | D:8      | Reached skill level 9 in Long Blades
  6831 | D:8      | Reached XP level 10. HP: 68/86 MP: 11/11
  6971 | D:8      | Reached ***** piety under Lugonu
  7538 | D:8      | Found a shimmering blue altar of Sif Muna.
  7822 | D:9      | Noticed a two-headed ogre
  7824 | D:9      | Noticed a gargoyle
  7849 | D:9      | Noticed a red ugly thing
  7858 | D:9      | Banished a red ugly thing
  7870 | D:9      | Mangled by a two-headed ogre

Levels and vault maps discovered:
D:1:      dpeg_arrival_tiny_e, layout_basic
D:2:      wad_river_or_something, layout_basic, chequers_mini_garden
D:3:      layout_basic, bloody_makhleb, hex_medium, uniq_grinder
D:4:      layout_rooms, serial_shops, shop_statue, serial_bayou_pond_a
D:5:      layout_gridville, old_standard_altar, grunt_gozag_breadcrumbs,
          first_ration, uniq_edmund
D:6:      layout_loops_cross, lemuel_crystal_altar, grunt_temple_overflow_open,
          minmay_hedge_maze, uniq_eustachio
D:7:      layout_rooms, kennysheep_little_box, nicolae_overflow_crystal_walls,
          temple_pool_b, nicolae_ossuary_entry_plus, kennysheep_small_spiral
D:8:      layout_cave_pods, led_sif_book
D:9:      minmay_the_grid_square_5x5_4x4
          [minmay_the_grid_square_5x5_hollow_slash,
          minmay_the_grid_square_5x5_minimal, minmay_the_grid_square_5x5_lines,
          minmay_the_grid_square_5x5_hourglass,
          minmay_the_grid_square_5x5_checkered_statues,
          minmay_the_grid_square_5x5_prize_monsterx,
          minmay_the_grid_square_5x5_prize_itemx,
          minmay_the_grid_square_5x5_bite, minmay_the_grid_square_5x5_two_small,
          minmay_the_grid_square_5x5_prize_waves,
          minmay_the_grid_square_5x5_prize_junk,
          minmay_the_grid_square_5x5_slash, minmay_the_grid_square_5x5_v,
          minmay_the_grid_square_5x5_beaten_path,
          minmay_the_grid_square_5x5_percent,
          minmay_the_grid_square_5x5_three_walls], layout_irregular_city,
          enter_bailey_2

Skill      XL: |  1  2  3  4  5  6  7  8  9 10 |
---------------+-------------------------------+-----
Fighting       | 4 5 6 7 |  7.6
Axes           | 3 4 5 |  5.7
Dodging        | 3 4 5 6 |  6.5
Stealth        | 1 2 3 |  3.1
Long Blades    | 3 6 9 |  9.6
Invocations    | |  2.4

Action                   |  1- 3 |  4- 6 |  7- 9 | 10-12 || total
-------------------------+-------+-------+-------+-------++-------
Melee: Hand axe          |    19 |   176 |    14 |       ||   209
       Tailslap          |     3 |    21 |    45 |     7 ||    76
       Great sword       |       |       |   277 |    53 ||   330
Invok: Depart the Abyss  |       |     1 |       |       ||     1
       Bend Space        |       |       |       |     1 ||     1
       Banish            |       |       |       |     1 ||     1
 Abil: Breathe Lightning |       |       |    20 |     3 ||    23
  Use: Scroll            |     1 |     5 |    14 |     5 ||    25
       Potion            |       |     1 |     3 |       ||     4
 Stab: Sleeping          |       |     2 |     1 |       ||     3
       Distracted        |       |       |     1 |     1 ||     2
  Eat: Chunk             |       |     3 |    11 |       ||    14
       Ration            |       |       |     5 |     1 ||     6
Armor: Skin              |     1 |    67 |   108 |    18 ||   194
Dodge: Dodged            |     4 |   153 |   323 |   102 ||   582
       Rpst.: Great sword |       |       |    87 |    27 ||   114

Table legend:
 A = Non-vault XP
 B = Vault XP
 C = Vault XP percentage of total XP
 D = Non-vault monster count
 E = Vault monster count
 F = Vault count percentage of total count
                 A         B        C        D         E       F
            +---------+---------+-------+---------+---------+-------
      Total |    5533 |    1027 |  15.7 |     193 |      27 |  12.3
            +---------+---------+-------+---------+---------+-------
        D:1 |      54 |       2 |   3.6 |      20 |       1 |   4.8
        D:2 |      48 |      41 |  46.1 |      18 |       8 |  30.8
        D:3 |     292 |     277 |  48.7 |      20 |       1 |   4.8
        D:4 |     435 |     143 |  24.7 |      23 |       1 |   4.2
        D:5 |     816 |       0 |   0.0 |      22 |       0 |   0.0
        D:6 |     737 |     197 |  21.1 |      26 |       1 |   3.7
        D:7 |    1289 |       0 |   0.0 |      21 |       0 |   0.0
        D:8 |    1267 |      77 |   5.7 |      34 |       2 |   5.6
        D:9 |     466 |      11 |   2.3 |       7 |       1 |  12.5
    Abyss:1 |     129 |       0 |   0.0 |       2 |       0 |   0.0
    Ossuary |       0 |     279 | 100.0 |       0 |      12 | 100.0
            +---------+---------+-------+---------+---------+-------
